Map: Moonlight Madness LE (Void)

Players

그마갑니다 - Winner!

  • Race: Protoss Protoss
  • League: Grandmaster

Javert

  • Race: Zerg Zerg
  • League: Grandmaster

VOD

Have the link to the VOD?

Description

Time

  • Played on: July 15, 2015, 12:11 a.m.
  • Length: 13:54
Show
View Real Time Build Order
Export as new Build Order

그마갑니다 Protoss - Winner!

Build Orders: Forge Fast Expand (FFE) 

Get SALT Encoding   

  12  0:00  Probe  
  13  0:18  Pylon  
  13  0:21  Probe  
  14  0:36  Probe (Chrono Boost)  
  15  0:46  Probe (Chrono Boost)  
  15  0:47  Forge  
  16  0:53  Probe  
  16  1:05  Probe  
  17  1:20  Nexus  
  17  1:28  Photon Cannon  
  17  1:34  Probe (Chrono Boost)  
  18  1:43  Probe (Chrono Boost)  
  18  1:44  Gateway  
  20  1:57  Assimilator  
  20  1:58  Assimilator  
  19  2:02  Pylon  
  19  2:05  Probe (Chrono Boost)  
  20  2:17  Probe (Chrono Boost)  
  21  2:25  Probe (Chrono Boost)  
  22  2:32  Probe (Chrono Boost)  
  22  2:35  Cybernetics Core  
  22  2:36  Probe (Chrono Boost)  
  24  2:44  Probe (Chrono Boost)  
  25  2:52  Probe (Chrono Boost)  
  25  2:53  Probe (Chrono Boost), Protoss Ground Weapons Level 1  
  26  3:01  Probe (Chrono Boost)  
  26  3:04  Probe (Chrono Boost)  
  28  3:09  Probe (Chrono Boost)  
  30  3:13  Probe (Chrono Boost)  
  30  3:17  Stargate  
  30  3:19  Probe (Chrono Boost)  
  31  3:26  Assimilator  
  32  3:28  Probe (Chrono Boost), Assimilator  
  32  3:29  Probe (Chrono Boost)  
  32  3:30  Warp Gate  
  33  3:36  Probe (Chrono Boost)  
  33  3:39  Probe (Chrono Boost)  
  35  3:42  Pylon  
  35  3:47  Probe (Chrono Boost)  
  37  3:50  Probe (Chrono Boost)  
  38  3:55  Stalker (Chrono Boost)  
  38  3:59  Probe  
  38  4:01  Mothership Core, Phoenix (Chrono Boost)  
  44  4:11  Probe  
  44  4:18  Pylon  
  44  4:22  Probe  
  44  4:23  Probe  
  40  4:29  Void Ray (Chrono Boost)  
  41  4:34  Probe  
  39  4:47  Probe  
  39  4:49  Probe (Chrono Boost)  
  41  4:59  Probe (Chrono Boost)  
  42  5:01  Probe (Chrono Boost)  
  43  5:09  Probe (Chrono Boost)  
  43  5:10  Probe (Chrono Boost)  
  45  5:16  Probe (Chrono Boost), Robotics Facility  
  47  5:23  Probe (Chrono Boost)  
  47  5:27  Probe (Chrono Boost)  
  48  5:31  Probe (Chrono Boost)  
  48  5:33  Probe (Chrono Boost)  
  50  5:40  Twilight Council  
  50  5:41  Probe  
  51  5:45  Probe  
  52  5:54  Probe  
  52  5:55  Nexus  
  52  5:56  Protoss Ground Armor Level 1 (Chrono Boost)  
  53  5:57  Probe  
  53  6:04  Robotics Bay  
  54  6:06  Observer  
  54  6:07  Sentry  
  54  6:10  Pylon  
  57  6:14  Pylon  
  57  6:21  Probe x2  
  59  6:29  Gateway, Photon Cannon  
  59  6:35  Gateway  
  59  6:39  Gateway  
  59  6:40  Probe  
  60  6:51  Probe  
  60  6:52  Colossus (Chrono Boost), Pylon  
  67  7:01  Sentry  
  67  7:03  Probe x2  
  67  7:07  Probe  
  72  7:12  Extended Thermal Lance  
  72  7:15  Probe x2  
  73  7:19  Probe  
  73  7:21  Gateway  
  75  7:31  Sentry x2  
  79  7:38  Colossus (Chrono Boost)  
  79  7:40  Assimilator  
  79  7:41  Assimilator  
  85  7:49  Zealot x2  
  85  8:01  Probe  
  85  8:03  Probe  
  85  8:04  Probe  
  88  8:07  Photon Cannon x2  
  88  8:10  Photon Cannon  
  88  8:11  Pylon  
  88  8:12  Blink  
  88  8:13  Probe  
  88  8:15  Probe  
  88  8:16  Probe  
  91  8:25  Probe  
  92  8:32  Stalker x4  
  106  8:42  Pylon  
  106  8:43  Pylon  
  106  8:46  Pylon  
  106  8:56  Pylon  
  106  9:00  Probe x2  
  106  9:02  Sentry, Colossus (Chrono Boost)  
  110  9:07  Forge  
  110  9:09  Forge  
  110  9:11  Pylon  
  110  9:12  Pylon  
  107  9:19  Stalker  
  107  9:20  Stalker x3  
  108  9:29  Pylon  
  108  9:32  Gateway  
  108  9:34  Gateway  
  108  9:35  Gateway  
  108  9:38  Protoss Ground Armor Level 2 (Chrono Boost), Protoss Ground Weapons Level 2 (Chrono Boost)  
  108  9:39  Pylon  
  108  9:41  Pylon  
  108  9:48  Pylon  
  108  9:50  Colossus (Chrono Boost)  
  114  9:55  Sentry x3  
  114  9:57  Stalker  
  114  10:08  Probe  
  114  10:12  Probe  
  114  10:13  Probe  
  117  10:20  Probe  
  117  10:24  Probe  
  118  10:31  Nexus, Charge  
  118  10:35  Colossus (Chrono Boost)  
  124  10:36  Templar Archives  
  124  10:40  Pylon  
  124  10:41  Pylon  
  124  10:54  Pylon  
  124  10:55  Stalker x4  
  132  11:07  Stalker x2  
  136  11:20  Observer (Chrono Boost), Photon Cannon  
  136  11:21  Stalker x2, Zealot  
  136  11:22  Zealot x2  
  136  11:25  Photon Cannon  
  146  11:32  Psionic Storm  
  142  11:37  Colossus (Chrono Boost)  
  142  11:38  Photon Cannon  
  141  11:40  Photon Cannon  
  139  11:53  Zealot  
  137  11:54  High Templar x2  
  137  11:55  High Templar x2  
  137  11:56  Zealot  
  137  12:00  Archon  
  137  12:01  Archon  
  137  12:15  Probe x2  
  126  12:16  Probe  
  128  12:23  Photon Cannon  
  128  12:27  Probe  
  128  12:29  Warp Prism (Chrono Boost)  
  131  12:39  High Templar x4  
  131  12:40  Zealot x3  
  131  12:41  Nexus  
  145  12:44  Pylon  
  145  12:59  Dark Shrine  
  145  13:00  Pylon  
  129  13:16  Gateway  
  129  13:17  Gateway x2  
  129  13:18  Gateway  
  121  13:24  Zealot x4  
  121  13:25  Zealot x3  
  135  13:32  Probe  
  136  13:47  High Templar x4  
  136  13:48  Stalker x3  
  146  13:51  Archon x2  
Show
View Real Time Build Order
Export as new Build Order

Javert Zerg 

Build Orders: Hatch First, Lurkers 

Get SALT Encoding   

  12  0:01  Drone  
  13  0:13  Overlord  
  13  0:18  Drone  
  14  0:32  Drone x2  
  16  0:38  Drone  
  17  0:46  Drone  
  18  0:58  Hatchery  
  17  1:06  Drone  
  17  1:08  Extractor  
  17  1:14  Drone  
  18  1:22  Spawning Pool  
  18  1:23  Drone  
  18  1:31  Drone  
  19  1:45  Drone  
  20  2:09  Metabolic Boost  
  20  2:10  Queen  
  20  2:11  Queen  
  25  2:15  Zergling x4  
  25  2:16  Zergling x2  
  27  2:35  Hatchery  
  26  2:41  Overlord  
  26  2:52  Drone x2  
  28  3:01  Zergling x8  
  32  3:12  Drone  
  33  3:21  Overlord  
  33  3:30  Drone x3  
  36  3:37  Overlord  
  36  3:40  Lair  
  36  3:42  Extractor  
  36  3:44  Queen  
  36  3:46  Drone x3  
  36  3:47  Drone  
  41  3:54  Drone x3  
  44  4:10  Overlord x2  
  44  4:12  Drone  
  44  4:13  Drone x2  
  45  4:43  Drone x13  
  45  4:44  Drone  
  54  4:48  Hydralisk Den  
  53  4:58  Extractor  
  53  4:59  Extractor  
  51  5:00  Extractor  
  51  5:01  Extractor  
  49  5:11  Evolution Chamber, Drone x2  
  49  5:12  Evolution Chamber, Roach Warren  
  48  5:15  Spore Crawler  
  48  5:19  Muscular Augments  
  47  5:24  Overseer  
  47  5:33  Overlord x2  
  47  5:35  Drone x9  
  56  5:41  Zerg Missile Weapons Level 1  
  56  5:44  Zerg Ground Armor Level 1  
  56  5:59  Glial Reconstitution  
  56  6:03  Hydralisk x2  
  56  6:04  Hydralisk x2  
  58  6:08  Drone x3  
  58  6:09  Drone  
  68  6:15  Drone  
  68  6:16  Drone x4  
  73  6:21  Hydralisk  
  75  6:30  Hydralisk x3  
  81  6:35  Roach x3  
  81  6:38  Overlord  
  87  6:49  Lurker Den, Roach  
  89  6:59  Roach  
  89  7:00  Roach x3  
  97  7:12  Overlord  
  97  7:13  Overlord  
  97  7:17  Ravager  
  97  7:21  Overlord x2  
  98  7:31  Ravager x2  
  98  7:34  Roach x7  
  114  7:41  Zerg Missile Weapons Level 2, Zerg Melee Weapons Level 1  
  100  8:03  Roach x13  
  124  8:07  Burrow  
  124  8:08  Ravager  
  124  8:11  Hydralisk x2  
  129  8:14  Overlord x2  
  129  8:18  Drone  
  129  8:19  Overlord x2  
  130  8:28  Overlord  
  130  8:29  Overlord x2  
  130  8:41  Hydralisk x6  
  130  8:47  Ravager  
  130  8:48  Ravager x4  
  147  8:55  Hatchery  
  147  8:56  Overlord  
  147  8:57  Overlord, Extractor  
  147  8:58  Extractor  
  116  9:28  Hydralisk x4  
  116  9:29  Spire, Hydralisk x5  
  133  9:34  Drone  
  133  9:35  Drone  
  135  9:44  Zerg Ground Armor Level 2  
  135  9:46  Overlord  
  135  9:47  Overlord  
  135  9:55  Drone x4  
  123  10:34  Lurker x3  
  123  10:35  Lurker x4  
  130  10:44  Drone x5  
  130  10:45  Drone x13  
  148  10:55  Roach  
  148  10:56  Roach x4  
  158  10:58  Overseer x2  
  156  11:14  Hydralisk x5  
  156  11:15  Hydralisk x6  
  136  12:11  Corruptor x2  
  136  12:12  Corruptor x8  
  140  12:16  Roach  
  140  12:17  Roach  
  141  12:23  Infestation Pit  
  141  12:29  Ravager x2  
  142  12:46  Lurker x4  
  142  12:47  Lurker  
  147  12:54  Drone x4  
  149  13:15  Hatchery  
  148  13:21  Overlord x2  
  148  13:29  Roach  
  148  13:30  Roach x13  
Tags
 
Add a new tag
Caveats
  • Supply blocks, unpowered buildings, or Contaminate may cause inaccurate times.
  • Supply counts are checked every 10 seconds.